 Dungeon Crawl Stone Soup version 0.29-a0-824-gd827844252 (webtiles) character file.

Game seed: 9508778730143741734

18 Malachi the Shooter (level 2, 26/26 HPs)
             Began as a Naga Hunter on July 10, 2022.
             Was a Plaything of Xom.
             Got out of the dungeon alive.
             The game lasted 00:00:58 (955 turns).

Malachi the Shooter (Naga Hunter)                    Turns: 955, Time: 00:00:59

Health: 26/26      AC:  2    Str: 13    XL:     2   Next: 66%
Magic:  2/2        EV:  9    Int:  9    God:    Xom [..*...]
Gold:   12         SH:  0    Dex: 14    Spells: 1/1 levels left

rFire   . . .      SeeInvis +   a - +0 shortbow
rCold   . . .      Faith    .   (shield currently unavailable)
rNeg    . . .      Spirit   .   c - +0 leather armour
rPois   +          Reflect  .   (no helmet)
rElec   .          Harm     .   (no cloak)
rCorr   .          Rampage  .   (no gloves)
Will    .....                   (no barding)
Stlth   ++........              (no amulet)
HPRegen 0.08/turn               (no ring)
MPRegen 0.08/turn               (no ring)

@: very slow
A: AC +0, large, see invisible, deformed body, poison resistance, slowness 2,
spit poison 1, naga tail 1
a: Spit Poison, Renounce Religion


You escaped.
You worshipped Xom.
You were a toy of Xom.
You visited 1 branch of the dungeon, and saw 1 of its levels.

You collected 12 gold pieces.

Inventory:

Hand Weapons
 a - a +0 shortbow (weapon)
Missiles
 j - 4 atropa-tipped darts
Armour
 c - a +0 leather armour (worn)
Scrolls
 b - a scroll of immolation
 d - 4 scrolls of identify {unknown}
 g - a scroll of teleportation {unknown}
Potions
 e - a potion of curing {unknown}
 f - a potion of heal wounds {unknown}
 h - a potion of resistance {unknown}
 i - a potion of brilliance {unknown}


   Skills:
 - Level 2.0 Fighting
 * Level 4.3 Ranged Weapons
 - Level 1.5 Dodging
 + Level 1.6 Stealth


You had one spell level left.
You didn't know any spells.
Your spell library was empty.

Dungeon Overview and Level Annotations

Branches:
Dungeon (1/15)

Altars:
Xom


Innate Abilities, Weirdness & Mutations

Your serpentine skin is tough. (AC +0)
You have supernaturally acute eyesight. (SInv)
Armour fits poorly on your strangely shaped body.
Your system is resistant to poisons. (rPois)
You cover ground very slowly.
You can spit poison.
You have a snake-like lower body.


Message History

The arrow closely misses the frilled lizard.
The frilled lizard barely misses you. The frilled lizard bites you.
You shoot an arrow. The arrow hits the frilled lizard.
You kill the frilled lizard!
No target in view!
No target in view!
A rat comes into view.
A rat is nearby!
A rat is nearby!
You shoot an arrow. The arrow hits the rat.
You kill the rat!
No target in view!
No target in view!
You see here a frilled lizard corpse.
You see here a frilled lizard corpse.
There is a shimmering altar of Xom here.
A bat comes into view.
A bat is nearby!
A bat is nearby!
A bat is nearby!
You shoot an arrow. The arrow closely misses the bat.
The bat hits you. The bat hits you but does no damage.
You shoot an arrow. The arrow hits the bat.
The bat is severely wounded.
The bat hits you but does no damage.
No target in view!
No target in view!
No target in view!
A bat is nearby!
You can't go up here!
You shoot an arrow. The arrow hits the bat.
You kill the bat!
No target in view!
No target in view!
No target in view!
There is an open door here.
There is an open door here.
There is a staircase leading out of the dungeon here.
Are you sure you want to leave the Dungeon?
This will make you lose the game!
You have escaped!

##'####'####+##≈#......##....#
#.#.......#.#≈≈#....#.##....#
#.#...8...#.#≈≈#....#..##.###
#.+.#####.+.# #....##.##.# #
#≈≈#.#...8...#.#≈≈#....##..#.###
#≈≈#.#.......#.#≈≈#.............
#≈##'####'####'##≈#..........###
#≈#..'.......'..#≈#..........###
#≈#⌠.####'####.@#≈#..........#..
#≈####≈≈≈.≈≈≈####≈#..........##.
##≈≈≈≈≈≈≈≈.≈≈≈≈≈≈≈≈##'#.......##.
...................##.#.#####..#.
##################.##.#..........
#...........# )..#.##.########...
..#########.# #..#.##'#..........
#.#.#...# #.# #..#.#....#######..
#.#^#.#.###.###..#......#######..


There were no monsters in sight!

Vanquished Creatures
  4 ball pythons (D:1)
  An endoplasm (D:1)
  A giant cockroach (D:1)
  2 goblins (D:1)
  A hobgoblin (D:1)
  3 kobolds (D:1)
  A bat (D:1)
  2 frilled lizards (D:1)
  A rat (D:1)
16 creatures vanquished.

Notes
Turn   | Place    | Note
-------+----------+-------------------------------------------
     0 | D:1      | Malachi the Naga Hunter began the quest for the Orb.
     0 | D:1      | Reached XP level 1. HP: 19/19 MP: 1/1
   104 | D:1      | Reached skill level 4 in Ranged Weapons
   104 | D:1      | Reached XP level 2. HP: 3/26 MP: 2/2
   827 | D:1      | Found a faded altar of an unknown god.
   843 | D:1      | Prayed at the altar of an unknown god.
   843 | D:1      | Became a worshipper of Xom of Chaos
   955 | D:$      | Got out of the dungeon alive.

Illustrated notes

Levels and vault maps discovered:
D:1:      heliophobic_arrival_glass_houses, layout_basic,
          shapermc_ecumenical_altar_mp_highgroup, hex_large

Skill      XL: |  1 |
---------------+----+-----
Ranged Weapons | 4 |  4.3
Fighting       | |  2.0
Dodging        | |  1.5
Stealth        | |  1.6

Action                   || total
-------------------------++-------
 Fire: Shortbow          ||    44
 Abil: Spit Poison       ||     1
Armor: Leather armour    ||     5
Dodge: Dodged            ||    11

Table legend: (Time is in decaauts)
 A = Elapsed time spent in this place.
 B = Non-inter-level travel time spent in this place.
 C = Inter-level travel time spent in this place.
 D = Time resting spent in this place.
 E = Time spent auto-exploring this place.
 F = Levels seen in this place.
 G = Mean time per level.
                   A        B        C        D        E       F      G
               +--------+--------+--------+--------+--------+-----+--------+
         Total |   1165 |   1080 |     85 |     35 |    940 |   1 | 1165.0 |
       Dungeon |   1165 |   1080 |     85 |     35 |    940 |   1 | 1165.0 |
               +--------+--------+--------+--------+--------+-----+--------+

Top non-repeatable levels by time:
     D:1: 1165 daAuts
